[Event "Fall GM-B Norm Invitational 2022"]
[Site "Charlotte"]
[Date "2022.11.19"]
[Round "4"]
[White "Paragua, Mark"]
[Black "Woodward, Andy"]
[Result "0-1"]
[ECO "A05"]
[WhiteElo "2466"]
[BlackElo "2447"]
[Annotator "TA"]
[PlyCount "72"]
[EventDate "2022.11.18"]
[EventType "tourn"]
[EventCountry "USA"]
[SourceTitle "playchess.com"]
[Source "ChessBase"]
[SourceQuality "1"]
[TimeControl "5400+30"]

1. Nf3 Nf6 2. g3 g6 3. b3 Bg7 4. Bb2 O-O 5. Bg2 d5 6. c4 c5 7. O-O d4 8. e3 Nc6 9. exd4 {[%emt 0:03:25] A05: Réti Opening: 1 Nf3 Nf6.} cxd4 10. Re1 {[%emt 0:00:39] Inhibits e5.} Re8 11. d3 {[%emt 0:02:20] Black is slightly better.} e5 12. Na3 Bf5 13. Nc2 a5 {[%emt 0:02:22] [#]} 14. Qd2 $146 ({Predecessor:} 14. a3 Qd7 15. b4 axb4 16. axb4 Rxa1 17. Bxa1 Qc7 18. b5 Nd8 19. Nb4 h6 20. Nh4 {½-½ (61) Harika,D (2492)-Danielian,E (2417) Chess.com INT 2019}) 14... Qd7 15. a3 Bh3 (15... Rad8 {simplifies} 16. b4 e4 17. Nfxd4 exd3 18. Bxc6 Rxe1+ 19. Rxe1 bxc6 20. Nxf5 gxf5 21. Bxf6 Bxf6 22. Ne3 axb4 23. axb4 f4) 16. b4 (16. Bh1 $1 $15) 16... e4 (16... Bxg2 $17 17. Kxg2 Nh5) 17. Nfxd4 {[%emt 0:08:59] [#]} (17. dxe4 $1 $11 Nxe4 18. Qd3 Bxg2 19. Kxg2 Qh3+ 20. Kg1) 17... Bxg2 $1 $19 18. Kxg2 Ne5 19. Ne3 (19. dxe4 $142 Nxc4 20. Qc3 Nxb2 21. Qxb2 Nxe4 22. h4) 19... Nxd3 20. Red1 h5 $2 (20... Ng4 $19 21. Nb5 Bxb2 22. Qxb2 axb4 23. Nxg4 Qxg4) 21. Nb5 (21. Ndc2 $17) 21... h4 (21... Red8 $19 {Strongly threatening ...Ng4.} 22. Qe2 axb4 23. axb4 Rxa1 24. Bxa1 Ng4 25. Nxg4 hxg4 26. Bxg7 (26. Qxe4 $2 Nf4+ 27. gxf4 Qxd1 $19) 26... Kxg7) 22. Qe2 $17 {[%emt 0:00:44] Against Ng4} Rac8 {[%emt 0:08:00] Black is more active.} (22... axb4 23. axb4 Rad8 24. Bc3) 23. Kg1 Qe6 ({Weaker is} 23... axb4 24. axb4 hxg3 25. hxg3) ({Better is} 23... hxg3 24. hxg3 Qh3) 24. Bc3 (24. Bxf6 $142 Bxf6 25. Rab1) 24... Nh7 {[%emt 0:03:42] White must now prevent ...Ng5.} 25. Bxg7 (25. bxa5 $2 {loses.} Ng5 26. Kh1 Red8 $19) 25... Kxg7 26. Rxd3 exd3 27. Qxd3 Red8 {[%emt 0:04:13] Inhibits Nd6.} 28. Qc3+ Qf6 29. bxa5 (29. gxh4 $17 {was worth a try.} Qxc3 30. Nxc3) 29... h3 30. Rb1 $2 {[%emt 0:02:04] [#]} (30. Kf1) 30... Qxc3 $19 31. Nxc3 {[%emt 0:00:01] Pair of Knights!} Ng5 32. Kf1 ({But not} 32. Rxb7 Nf3+ 33. Kf1 Rd2 $19) 32... Rd2 33. Rxb7 (33. Rd1 {might work better.} Rxd1+ 34. Ncxd1) 33... Nf3 34. a6 Nxh2+ 35. Ke1 Nf3+ 36. Kf1 Rh8 $2 {[%emt 0:00:22] Weighted Error Value: White=0.58/Black=0.28 (precise)} (36... h2 {mates} 37. Nf5+ gxf5 38. Kg2 h1=Q+ 39. Kxh1 Rxf2 40. Rxf7+ Kxf7 41. Nd5 Rh8#) 0-1

[Event "Fall GM-B Norm Invitational 2022"]
[Site "Charlotte"]
[Date "2022.11.19"]
[Round "4"]
[White "Korley, Kassa"]
[Black "Ngo, Bach"]
[Result "1/2-1/2"]
[ECO "A06"]
[WhiteElo "2451"]
[BlackElo "2275"]
[Annotator "TA"]
[PlyCount "123"]
[EventDate "2022.11.18"]
[EventType "tourn"]
[EventCountry "USA"]
[SourceTitle "playchess.com"]
[Source "ChessBase"]
[SourceQuality "1"]
[TimeControl "5400+30"]

1. Nf3 d5 2. b3 Nf6 3. Bb2 e6 4. c4 Be7 5. g3 O-O 6. Bg2 b6 7. cxd5 Nxd5 8. d4 Bb7 9. O-O c5 10. Nbd2 Nd7 11. Rc1 Rc8 {[%emt 0:14:10] A14: English Opening: 1...e6 with b3 by White.} 12. Nc4 b5 13. Nce5 N7f6 (13... Bf6 {looks sharper.} 14. Qd3 a6 15. dxc5 Nxc5 16. Qd4 Nd7) 14. dxc5 {[%emt 0:08:23] [#]} Bxc5 $146 ({Predecessor:} 14... Rxc5 15. Rxc5 Bxc5 16. Nd3 Be7 17. Qa1 b4 18. Rc1 Qa5 19. Nfe5 Rd8 20. Nc6 Bxc6 21. Rxc6 {½-½ (54) Kurajica,B (2548)-Spraggett,K (2578) Seville 2006}) 15. Nd3 (15. Ng5 {feels hotter.} Qe8 16. Qd3 Nb4 17. Qb1) 15... Be7 16. Rxc8 Qxc8 17. Nfe5 Nc3 18. Bxb7 Nxd1 19. Bxc8 Nxb2 20. Nc6 (20. Rc1 {simplifies} Nxd3 21. Nxd3 a5 22. Bb7) 20... Ba3 21. Ba6 Nxd3 22. exd3 b4 23. Bc4 Ra8 24. Rd1 g6 25. Rd2 Kg7 26. Rc2 a5 {[%emt 0:01:29] The position is equal.} 27. h4 Rc8 28. Nd4 Rc5 29. Kf1 Nd5 30. Bxd5 Rxd5 $11 {[%emt 0:01:11][%mdl 4096] Endgame KRB-KRN} 31. Nc6 Rxd3 {[%emt 0:01:00] [#] White must now prevent ...Rc3.} 32. Nxa5 Rc3 {[%emt 0:00:14] Prevents Nc4.} 33. Re2 Rc1+ 34. Kg2 f5 35. Nc4 Kf6 36. f4 h6 37. Rd2 g5 38. Ne5 gxf4 39. gxf4 {[%emt 0:00:02] Rd7 would kill now.} Rc7 40. Nd3 Rd7 41. Rd1 Rc7 42. Kf3 Rc2 43. h5 Rh2 44. Kg3 Rxa2 45. Ne5 {[%emt 0:00:35] Threatening mate with Rd7.} Ke7 46. Rd7+ Kf8 47. Rh7 Rb2 48. Rxh6 Rxb3+ 49. Kh4 Bc1 50. Rxe6 {[%emt 0:03:33] h6 is the strong threat.} Bxf4 51. Ng6+ Kf7 52. Nxf4 {[%emt 0:00:11] White threatens Rb6 and mate. KRN-KR} Rf3 53. Kg5 {[%emt 0:00:32] White wants to mate with Rb6.} Rxf4 $1 {[%emt 0:00:14][%mdl 64] [#] KR-KR} 54. Rf6+ (54. Kxf4 {leads to mate.} Kxe6 55. h6 Kf6 56. h7 Kg7 57. Ke3 Kxh7 58. Ke2 f4 59. Kd2 f3 60. Ke3 b3 61. Kd3 f2 62. Kc3 f1=Q 63. Kxb3 Qb5+ 64. Kc3 Kg6 65. Kd4 Kf5 66. Ke3 Qd5 67. Kf2 Qd3 68. Ke1 Kf4 69. Kf2 Qd2+ 70. Kf1 Kg3 71. Kg1 Qg2#) 54... Ke7 55. Rb6 Rg4+ 56. Kxf5 Rg1 57. h6 Kf7 {[%emt 0:00:19] Inhibits h7.} 58. Rxb4 Rf1+ 59. Rf4 Rxf4+ 60. Kxf4 Kg6 61. h7 Kxh7 62. Ke4 {Weighted Error Value: White=0.03 (flawless) /Black=0.04 (flawless)} 1/2-1/2

[Event "Fall GM-B Norm Invitational 2022"]
[Site "Charlotte"]
[Date "2022.11.19"]
[Round "4"]
[White "Ozenir, Ekin Baris"]
[Black "Kantor, Gergely"]
[Result "1/2-1/2"]
[ECO "E10"]
[WhiteElo "2352"]
[BlackElo "2561"]
[Annotator "TA"]
[PlyCount "44"]
[EventDate "2022.11.18"]
[EventType "tourn"]
[EventCountry "USA"]
[SourceTitle "playchess.com"]
[Source "ChessBase"]
[SourceQuality "1"]
[TimeControl "5400+30"]

1. d4 Nf6 2. c4 e6 3. Nf3 d5 4. g3 Bb4+ 5. Bd2 Be7 6. Bg2 O-O 7. O-O c6 8. Qc2 b6 9. a4 {[%emt 0:06:01] E11: Bogo-Indian.} a5 10. cxd5 exd5 11. Ne5 {[%emt 0:02:05] The position is equal.} Bb7 {[%emt 0:00:34] [#]} 12. Nc3 $146 ({Predecessor:} 12. Rc1 Nfd7 13. e4 Nxe5 14. dxe5 d4 15. Qb3 c5 16. Na3 Nc6 17. Nc4 Nb4 18. Bxb4 axb4 {0-1 (32) Golub,N (1828)-Svrtan,Z (2091) Hum na Sutli 2017}) 12... Na6 13. Rfe1 Nb4 14. Qb3 c5 (14... Nd7 $5 ) 15. Nb5 Ne4 16. Bxb4 axb4 17. dxc5 Bxc5 ({Weaker is} 17... bxc5 18. Bxe4 dxe4 19. Red1 $16) 18. e3 Qe7 19. Nd3 g5 20. Rad1 Rad8 21. Nd4 Qf6 22. f3 Nd6 {[%emt 0:06:43] Weighted Error Value: White=0.05 (flawless) /Black=0.10 (very precise)} (22... Bxd4 $11 23. fxe4 dxe4) 1/2-1/2

[Event "Fall GM-B Norm Invitational 2022"]
[Site "Charlotte"]
[Date "2022.11.20"]
[Round "5"]
[White "Kantor, Gergely"]
[Black "Cruz, Cristhian"]
[Result "1/2-1/2"]
[ECO "D35"]
[WhiteElo "2561"]
[BlackElo "2552"]
[Annotator "TA"]
[PlyCount "37"]
[EventDate "2022.11.18"]
[EventType "tourn"]
[EventCountry "USA"]
[SourceTitle "playchess.com"]
[Source "ChessBase"]
[SourceQuality "1"]
[TimeControl "5400+30"]

1. d4 d5 2. c4 e6 3. Nc3 Nf6 4. cxd5 exd5 5. Bg5 Be7 6. e3 c6 7. Bd3 h6 8. Bf4 O-O 9. h3 {[%emt 0:03:12] D35: Queen's Gambit Declined: Exchange Variation.} Re8 10. Nf3 Bd6 {[%emt 0:02:37] [#] aiming for ...Bxf4.} 11. Bxd6 {[%emt 0:09:23] White is slightly better.} Qxd6 12. O-O Nbd7 {[%emt 0:11:14] The position is equal.} 13. Rb1 Ne4 14. Qc2 {[%emt 0:05:10][%cal Rc3e4] [#]} Ndf6 $146 ({Predecessor:} 14... Nxc3 15. Qxc3 Nf6 16. Nd2 Be6 17. Rfc1 Rac8 18. b4 Qd7 19. Qc2 Red8 20. Rb2 Ne8 {0-1 (38) Semova,L (1420)-Stankic,A (1330) Bratislava 2019}) 15. Ne5 Bf5 16. f3 Nxc3 17. bxc3 Bxd3 18. Qxd3 Re7 19. Rbd1 {[%emt 0:14:34] Weighted Error Value: White=0.09 (flawless) /Black=0.04 (flawless)} 1/2-1/2

[Event "Fall GM-B Norm Invitational 2022"]
[Site "Charlotte"]
[Date "2022.11.20"]
[Round "5"]
[White "Woodward, Andy"]
[Black "Ozenir, Ekin Baris"]
[Result "1/2-1/2"]
[ECO "E00"]
[WhiteElo "2447"]
[BlackElo "2352"]
[Annotator "TA"]
[PlyCount "104"]
[EventDate "2022.11.18"]
[EventType "tourn"]
[EventCountry "USA"]
[SourceTitle "playchess.com"]
[Source "ChessBase"]
[SourceQuality "1"]
[TimeControl "5400+30"]

1. d4 e6 2. c4 Nf6 3. g3 Bb4+ 4. Bd2 Qe7 5. Bg2 Nc6 6. e3 Bxd2+ 7. Qxd2 d6 {[%emt 0:03:03] E00: Catalan Bogo-Indian (3 g3 Bb4+).} 8. Nc3 O-O 9. Nge2 e5 {[%emt 0:02:23] White is slightly better.} 10. Nd5 Qd8 11. O-O {[%emt 0:00:24] [#]} exd4 $146 ({Predecessor:} 11... Re8 12. Nxf6+ Qxf6 13. d5 Nb8 14. Nc3 Qh6 15. b4 Bh3 16. Nb5 Bxg2 17. Kxg2 Re7 18. f3 {½-½ (18) Blagojevic,D (2506)-Savic,M (2506) Mosko 2015}) 12. Nxd4 Ne5 13. b3 c6 14. Nc3 Qb6 15. f4 Ng6 16. e4 Bd7 17. h3 h5 ({Black should play} 17... Rad8 $14) 18. Kh2 Rfe8 19. Rad1 Rad8 20. Nc2 Bc8 21. Ne3 Kh8 22. Qf2 Qa5 {[%emt 0:01:40] [#]} 23. Rd3 a6 24. a4 (24. Rfd1 $16) 24... Kg8 (24... Nd7 $11 {remains equal.}) 25. Rfd1 Qc7 (25... Nf8 $14) 26. Bf3 Qa5 $1 27. Ng2 b5 (27... Qc7 $1 $14) 28. axb5 $16 axb5 29. cxb5 cxb5 30. b4 Qc7 (30... Qxb4 $16 31. e5 Nd7) 31. Nxb5 $18 Qd7 32. Nxd6 {[%emt 0:00:05] Active counter play!} Qxh3+ 33. Kg1 Rf8 (33... Rxd6 {was worth a try.} 34. Rxd6 Nxe4 35. Bxe4 Rxe4) 34. f5 h4 35. Nf4 (35. gxh4 Ne5 36. Be2 (36. Nf4 Nxf3+ 37. Qxf3 Qxf3 $11) 36... Nxd3 37. Rxd3 Qxd3 38. Bxd3 Rxd6 $16) (35. Nxh4 $18 {is the precise move to win.} Ne5 36. Rd4) 35... hxg3 $16 36. Nxh3 {[%emt 0:00:04] Really sharp!} gxf2+ 37. Kxf2 Ne5 38. R3d2 Bd7 39. Nf4 (39. Ng5 $16) 39... Rb8 40. Nd3 ({White should try} 40. Rb1 $14) 40... Nxd3+ $11 41. Rxd3 Rxb4 42. Rg1 {[%emt 0:01:41] Threatens to win with e5.} Bc6 43. e5 Nd7 44. Bxc6 Nxe5 45. Rc3 Rd8 {[%emt 0:00:07] [#]} 46. Be4 $1 {[%emt 0:02:48][%cal Of5f6] aiming for f6!} g6 (46... Rxd6 {is a self mate.} 47. Rc8+ Kh7 48. f6+ Rxe4 49. Rxg7+ Kh6 50. Rh8#) (46... Kf8 47. Nb7) 47. Nb7 ({Don't do} 47. Rc5 $6 Rxe4 48. Nxe4 Nd3+ 49. Kg3 Nxc5 50. Nxc5 Rd5 $16) 47... Rdd4 48. fxg6 {[%emt 0:01:45][%cal Og6g7] And now g7! would win.} fxg6 (48... Rxe4 $11 49. Rc8+ (49. gxf7+ Kxf7 50. Nd6+ Ke6 $14) 49... Kg7 50. gxf7+ Kxf7 51. Nd6+ Ke7 52. Nxe4 Rxe4) 49. Bxg6 (49. Bg2 $16) 49... Rg4 {[%emt 0:00:46] The position is equal.} 50. Rxg4 Nxg4+ 51. Kg3 Ne5 52. Rc7 Rg4+ {[%emt 0:00:18] Black escapes into a draw.  Weighted Error Value: White=0.18 (very precise) /Black=0.22 (precise)} 1/2-1/2

[Event "Fall GM-B Norm Invitational 2022"]
[Site "Charlotte"]
[Date "2022.11.20"]
[Round "5"]
[White "Hilby, Craig"]
[Black "Korley, Kassa"]
[Result "0-1"]
[ECO "D45"]
[WhiteElo "2411"]
[BlackElo "2451"]
[Annotator "TA"]
[PlyCount "176"]
[EventDate "2022.11.18"]
[EventType "tourn"]
[EventCountry "USA"]
[SourceTitle "playchess.com"]
[Source "ChessBase"]
[SourceQuality "1"]
[TimeControl "5400+30"]

1. c4 c6 2. Nf3 d5 3. e3 Nf6 4. Nc3 e6 5. d4 Nbd7 6. Qc2 Bd6 7. b3 O-O 8. Be2 b6 9. O-O Bb7 10. Bb2 Qe7 11. a4 a5 12. Rfe1 {[%emt 0:00:39] [#] 12.Rad1 is a critical line. D45: Semi-Slav: 5 e3.} Bb4 $146 ({Predecessor:} 12... Rfe8 13. Rad1 Rad8 14. h3 h6 15. Bd3 Bb4 16. Rf1 Bd6 17. Rfe1 Bb4 18. Re2 Qf8 19. Na2 Be7 {½-½ (52) Granz,T (2062)-Pidoyma,V (2073) ICCF email 2019}) 13. Bd3 c5 14. Nd2 {[%emt 0:22:21] The position is equal.} Rac8 15. Rac1 Rfd8 16. Qb1 (16. Nb5 $11) 16... Nf8 17. cxd5 (17. Re2 $142) 17... cxd4 $17 (17... Nxd5 $6 18. Nxd5 Bxd5 19. Red1 $11) (17... exd5 18. Re2 $11) 18. exd4 Nxd5 19. Nc4 (19. Nxd5 $17 {keeps fighting.} Bxd5 20. Rxc8 Rxc8 21. Qd1 (21. Rc1 Rxc1+ 22. Bxc1 Bxg2 $17)) 19... Nxc3 ({Black should try} 19... Nf4 $1 $19 20. Be4 Rxd4) 20. Bxc3 Bxc3 21. Rxc3 Rxd4 22. Be4 Bxe4 23. Rxe4 Rxe4 24. Qxe4 Qb4 25. Qd3 b5 26. axb5 a4 {[%emt 0:00:06] Strongly threatening ...axb3.} 27. b6 (27. bxa4 $2 Rd8 $3 28. Ne3 (28. Qc2 $2 Qxc3 29. Qe2 Qa1+ 30. Qf1 Rd1 $19) 28... Rxd3 $19) 27... axb3 28. b7 Qxb7 29. Rxb3 Qa6 30. Ne3 Rc1+ 31. Nf1 Qa1 32. Rb8 {[%emt 0:01:38][%cal Ob8f8] Intending Rxf8+! and mate.} g6 33. g3 Rd1 34. Qb5 Kg7 35. Kg2 {[%emt 0:00:26][%cal Ob5e8] And now Qe8! would win.} Nd7 36. Qb2+ Qxb2 {[%emt 0:00:50] Active counter play!} 37. Rxb2 {[%emt 0:00:02][%mdl 4096] Endgame KRN-KRN} Ne5 38. Ne3 Rd7 39. h4 h6 40. Re2 Nd3 41. Ng4 Rd5 42. Ra2 Rb5 43. Rd2 Rb3 44. Re2 Nb4 45. Ne5 Nd5 46. Ra2 Rb7 {[%emt 0:00:04] Inhibits Ra7.} 47. Re2 Rc7 48. Rb2 g5 49. hxg5 hxg5 50. Re2 f6 {[%emt 0:03:33][%cal Bf7f6,Bf6f5][%mdl 32] aiming for ...Nc3.} 51. Ng4 Kf7 52. Ne3 Ne7 53. Ng4 f5 54. Ne3 g4 55. f3 {[%emt 0:01:38] [#]} gxf3+ $1 56. Kxf3 Kf6 57. Rc2 ({White should play} 57. g4 $15) 57... Ra7 58. Rc3 Ng6 59. Rc2 Ne5+ 60. Kf2 Ra6 61. Rc8 Ra4 62. Rf8+ Ke7 63. Rc8 Ra2+ 64. Rc2 Ra8 65. Rc3 Nd7 66. Rc4 Ne5 67. Rc3 $1 Rh8 68. Kg2 Kf6 69. Rc7 Nf7 70. Rc4 Rg8 71. Kf2 Nd6 72. Rc6 Ne4+ 73. Kf3 Ke5 ({Of course not} 73... Nxg3 $6 74. Nd5+ Ke5 75. Nf4 $11) ({Not} 73... Rxg3+ 74. Kf4 $15) 74. Nf1 Ra8 75. Rc2 {[%emt 0:01:03] Prevents Ra2.} Ra3+ 76. Kg2 Kf6 77. Re2 Kg5 78. Ne3 Rd3 {[%emt 0:01:03] White must now prevent ...Nc3.} 79. Nf1 e5 80. Ne3 (80. Re3 $17 {is a better defense.} Rd6 81. Nh2) 80... Nc3 $19 81. Re1 Rd2+ 82. Kg1 $2 {[%emt 0:00:39][%mdl 8192] This move loses the game for White.} (82. Kh1 $17 {was forced.}) 82... e4 {[%emt 0:02:40] ...Ne2+ is the strong threat.} 83. Rf1 $2 (83. Nc4 Rd4 84. Ne3) 83... Ne2+ 84. Kg2 Nd4+ 85. Rf2 Rd3 86. Nd5 {[%emt 0:00:41] [#]} e3 $1 {[%emt 0:01:44] ( -> ...e2)} 87. Rf1 Rd2+ 88. Kh3 e2 {[%emt 0:00:11] Weighted Error Value: White=0.13 (very precise) /Black=0.07 (flawless)} 0-1

[Event "Fall GM-B Norm Invitational 2022"]
[Site "Charlotte"]
[Date "2022.11.20"]
[Round "5"]
[White "Williams, Justus"]
[Black "Paragua, Mark"]
[Result "1-0"]
[ECO "A07"]
[WhiteElo "2395"]
[BlackElo "2466"]
[Annotator "TA"]
[PlyCount "80"]
[EventDate "2022.11.18"]
[EventType "tourn"]
[EventCountry "USA"]
[SourceTitle "playchess.com"]
[Source "ChessBase"]
[SourceQuality "1"]
[TimeControl "5400+30"]

1. Nf3 d5 2. g3 g6 3. Bg2 Bg7 4. O-O e5 5. d3 Ne7 6. c4 O-O {[%emt 0:12:00] A07: Réti Opening: New York and Capablanca Systems.} 7. cxd5 Nxd5 8. Nc3 Ne7 {[%emt 0:01:59] The position is equal.} 9. Rb1 $1 a5 10. a3 {[%emt 0:01:10][%cal Ba2a3,Ba3b4,Bb4b5][%mdl 32] [#]} h6 $146 ({Predecessor:} 10... Nbc6 11. b4 axb4 12. axb4 Nd4 13. Bg5 h6 14. Bxe7 Qxe7 15. Nd5 Qd8 16. Nxd4 exd4 17. b5 Ra2 18. Bf3 Re8 {0-1 (33) Reshko,A-Lukin,A Leningrad 1972}) 11. b4 axb4 12. axb4 Be6 13. Bb2 Nbc6 14. b5 Nd4 15. Nd2 Qd7 16. Nc4 Bh3 (16... Rfd8 $14) 17. Bxh3 $1 $16 Qxh3 18. e3 Ne6 19. Ba3 (19. Ne4 $16) 19... Rfe8 $11 20. b6 c6 21. Ne4 Nd5 22. Bb2 Rad8 (22... f5 $5 23. Ned2 (23. Ned6 Re7 $11) 23... Nc5 $11) 23. Nxe5 (23. f3 $142) 23... f5 (23... Nf8 $11 24. Nc4 Rxe4 25. dxe4 Nxe3 26. Nxe3 Rxd1 27. Rfxd1 Ne6) 24. Nd2 $14 f4 $1 25. Ndc4 $36 {[%emt 0:04:12][%mdl 2048] White is more active.} (25. exf4 $2 Nexf4 $1 26. gxf4 Nxf4 $19) (25. Ne4 $5 ) 25... Ng5 $1 26. Kh1 ({Much weaker is} 26. exf4 Nxf4 27. gxf4 Bxe5 28. Nxe5 Rxe5 $1 $17) (26. gxf4 $2 Bxe5 27. Nxe5 Rxe5 $1 28. Bxe5 Nf3+ 29. Qxf3 Qxf3 $19) 26... fxg3 27. fxg3 Bxe5 28. Bxe5 {[%emt 0:00:33] Hoping for e4.} Nxe3 29. Nxe3 $16 {[%emt 0:00:21] The board is on fire.} Rxe5 30. Ng4 Re6 (30... Ne4 $16 31. Qf3 (31. Nxe5 Nxg3+ 32. Kg1 Nxf1 $15) 31... Rf5 32. Nxh6+ Qxh6 33. Qxe4 Qf8) 31. Rb4 $18 h5 32. Nh6+ (32. Nf6+ $1 $18 Kg7 33. Rh4 Qxf1+ 34. Qxf1 Rxf6 35. Qe1) 32... Kg7 33. Rh4 Qxf1+ 34. Qxf1 Kxh6 (34... Rde8 $1 $11 {remains equal.} 35. Nf5+ gxf5 36. Rxh5 Kg6 37. Rxg5+ Kxg5 38. Qf4+ Kg6) 35. Qc1 $16 Rxd3 36. Rf4 $1 {[%emt 0:00:32] aiming for h4.} Rde3 {[%emt 0:01:18] Threatens to win with ...Re1+.} 37. Rf1 {[%emt 0:00:02][%mdl 1024] Against Re1. And now h4 would win. White has strong compensation.} Kg7 $2 {[%emt 0:00:33][%mdl 8192] Loses the game.} (37... Kh7 $16) 38. Qa1+ $1 $18 {[%emt 0:00:34] White is clearly winning.} Kh7 {[%emt 0:00:33] [#]} 39. h4 $1 Nf3 {[%emt 0:00:29] [#] ...Re1 is the strong threat.} 40. Qa8 $1 Nd4 {[%emt 0:00:33] Weighted Error Value: White=0.14 (very precise) /Black=0.35} 1-0

[Event "Fall GM-B Norm Invitational 2022"]
[Site "Charlotte"]
[Date "2022.11.20"]
[Round "5"]
[White "Ngo, Bach"]
[Black "Beradze, Irakli"]
[Result "1/2-1/2"]
[ECO "D02"]
[WhiteElo "2275"]
[BlackElo "2494"]
[Annotator "TA"]
[PlyCount "96"]
[EventDate "2022.11.18"]
[EventType "tourn"]
[EventCountry "USA"]
[SourceTitle "playchess.com"]
[Source "ChessBase"]
[SourceQuality "1"]
[TimeControl "5400+30"]

1. d4 d5 2. Nf3 e6 3. c4 c6 4. Bg5 Be7 5. Bxe7 Qxe7 6. Nbd2 Nf6 {[%emt 0:00:36] Inhibits e4. D30: Queen's Gambit Declined: Systems without Nc3.} 7. g3 b6 8. Bg2 {[%emt 0:02:58] [#]} Ba6 $146 ({Predecessor:} 8... Bb7 9. O-O O-O 10. Qc2 Na6 {½-½ (10) Gyimesi,Z (2595)-Kogan,A (2526) Plovdiv 2010}) 9. Qc2 O-O 10. O-O Nbd7 11. Rfe1 Rac8 12. Rac1 Rfd8 13. Qa4 Nb8 14. e4 ({White should play} 14. e3 $11) 14... dxc4 (14... dxe4 $15 15. Nxe4 Nxe4 16. Rxe4 b5) 15. Nxc4 $11 b5 16. Qa3 c5 17. e5 bxc4 18. exf6 Qxf6 19. dxc5 Rd5 {[%emt 0:00:01] Prevents Ne5.} 20. b3 Rdxc5 21. Nd2 {[%emt 0:00:36] [#] aiming for Ne4.} Qd4 (21... c3 $2 22. Ne4 Qf5 23. Nxc5 Rxc5 24. Red1 $18) 22. Ne4 Rd5 23. bxc4 Rxc4 24. Rb1 Rc8 {[%emt 0:02:57] [#]} 25. Rxb8 $1 {[%emt 0:01:36][%mdl 64] Remove Defender} Rxb8 26. Qxa6 h6 27. h4 Rdb5 28. Re3 Rb2 29. Rd3 {[%emt 0:01:35] Chess con chili.} Rxa2 {[%emt 0:01:47] The position is equal.} 30. Qxa2 ({Don't play} 30. Rxd4 Rxa6 31. Bf3 Ra2 $11) 30... Qxd3 31. Qxa7 Rc8 32. Qe3 Qxe3 33. fxe3 Rc2 34. Bf3 {[%emt 0:00:49] Inhibits Re2.} Kf8 35. Kf1 Ke7 36. Bd1 Rb2 37. Be2 f5 38. Nc5 g5 39. hxg5 hxg5 40. Kf2 Rc2 41. Nd3 Kf6 42. Nb4 Rd2 43. Ke1 Rd8 44. Kf2 Rb8 45. Nd3 Ke7 46. Ne5 {[%emt 0:00:15] Threatens to win with Nc6+.} Rb2 47. Nd3 Rd2 48. Ne5 Ra2 {[%emt 0:00:20] Weighted Error Value: White=0.09 (flawless) /Black=0.09 (flawless)} 1/2-1/2

[Event "Fall GM-B Norm Invitational 2022"]
[Site "Charlotte"]
[Date "2022.11.20"]
[Round "6"]
[White "Kantor, Gergely"]
[Black "Woodward, Andy"]
[Result "1/2-1/2"]
[ECO "A15"]
[WhiteElo "2561"]
[BlackElo "2447"]
[Annotator "TA"]
[PlyCount "83"]
[EventDate "2022.11.18"]
[EventType "tourn"]
[EventCountry "USA"]
[SourceTitle "playchess.com"]
[Source "ChessBase"]
[SourceQuality "1"]
[TimeControl "5400+30"]

1. Nf3 Nf6 2. c4 g6 3. Nc3 d5 4. cxd5 Nxd5 5. e4 Nxc3 6. bxc3 Bg7 7. Rb1 {[%emt 0:00:05] A16: English Opening: 1...Nf6 with ...d5.} O-O 8. h4 c5 9. h5 Nc6 10. hxg6 hxg6 11. Qe2 {[%emt 0:00:35] [#]} Qa5 $146 ({Predecessor:} 11... b6 12. Qe3 Qd6 13. Qg5 Qe6 14. Qh4 Rd8 15. Bb5 Rd6 16. Ng5 Qxa2 17. Rb2 Qa1 {1-0 (39) Gelfand,B (2676)-Ivanchuk,V (2678) chess24.com INT 2020}) 12. Rb2 Rd8 13. Qe3 Bg4 14. Ng5 Qxc3 $1 15. Qxc3 {[%emt 0:01:18] Chess con chili.} ({Wrong is} 15. Rh8+ $2 Bxh8 16. Qxc3 Bxc3 $19) 15... Bxc3 16. Rh4 $1 Bxb2 17. Bxb2 $40 {[%emt 0:00:22][%csl Gb2][%cal Rh4h8][%mdl 128] White mounts an attack.} f6 $1 ({Not} 17... Bh5 18. g4 $16) 18. Bc4+ Kf8 19. Rxg4 fxg5 20. Rxg5 Nd4 21. Rxg6 e6 22. Bxe6 Nxe6 23. Rxe6 $14 {[%emt 0:00:04][%mdl 4096] Endgame KRR-KRB} Kf7 (23... Rd7 $14) 24. Rh6 (24. Rf6+ $1 $16 Ke7 25. Rf5) 24... b5 (24... Rg8 $11 {keeps the balance.}) 25. f4 $1 $16 Rg8 26. f5 $1 Rxg2 (26... Raf8 $16) 27. e5 $2 (27. Rh7+ $18 Kf8 28. Bf6) 27... Rf8 $2 (27... Rg1+ $1 $11 28. Ke2 Kg7) 28. e6+ $1 $18 {[%emt 0:05:49][%mdl 1024] White has strong compensation.} Ke7 29. Rh7+ Kd6 {[%emt 0:00:22] [#]} 30. e7 {[%emt 0:02:45] White is more active.} (30. Rd7+ $1 $16 Kc6 31. f6) 30... Rfg8 31. Kd1 Rf2 32. Rf7 Kd7 {[%emt 0:06:06] Hoping for ...Rgg2.} 33. f6 {[%emt 0:00:24] Threatens to win with Rf8.} Ke8 {[%emt 0:03:02] Against Rf8+} 34. Rh7 c4 $2 {[%emt 0:00:36] [#]} (34... Kd7 $11 {and Black stays safe.}) 35. Ke1 $2 (35. Rh5 $1 $18) 35... Rf5 $11 {[%emt 0:00:30] The position is equal.} 36. Ke2 {[%emt 0:00:29] And now Ke3 would win.} b4 37. Bd4 {[%emt 0:00:07] Inhibits c3.} Kd7 $1 38. Ke3 {[%emt 0:00:45] Strongly threatening f7.} Ke6 {[%emt 0:00:08] Against f7} 39. Rg7 Rh8 40. Rh7 Rg8 41. Rg7 Rh8 42. Ke4 {Blacks defense is rewarded with a draw.  Weighted Error Value: White=0.20 (precise) /Black=0.25 (precise)} 1/2-1/2